 Dungeon Crawl Stone Soup version 0.25-a0-785-gb22c70e859 (webtiles) character file.

Game seed: 18134842706356475352, levelgen mode: deterministic

1505305 jt the Slayer (level 27, 254/296 HPs)
             Began as a Naga Warper on Apr 17, 2020.
             Was an Initiate of Gozag.
             Escaped with the Orb
             ... and 3 runes!
             The game lasted 06:37:03 (108375 turns).

jt the Slayer (Naga Warper)                       Turns: 108375, Time: 06:37:04

Health: 254/296    AC: 44    Str: 19    XL:     27
Magic:  41/41      EV:  9    Int: 25    God:    Gozag
Gold:   4217       SH: 33    Dex: 12    Spells: 20/63 levels left

rFire    + + +     SeeInvis +   b - +9 sacred scourge (holy)
rCold    + . .     Gourm    .   u - +10 tower shield of Ignorance {rN+ Int-4}
rNeg     + + .     Faith    .   U - +6 fire dragon scales
rPois    +         Spirit   .   i - +0 mask of the Dragon {MR+ Slay+3 SInv}
rElec    +         Reflect  .   P - +2 cloak {MR+}
rCorr    .         Harm     .   V - +2 pair of gloves {Str+3}
MR       +++++     Rnd*Rage +   G - +4 naga barding {rC+}
Stlth    +.........             K - macabre finger necklace {rN+}
HPRegen  0.59/turn              H - ring of Jataa {rElec rPois rF+ Int+4 Slay+3}
MPRegen  0.27/turn              N - ring of Qowujep {rC+ MR+ Int+6}
                                w - +5 ring of slaying

@: studying 2 skills, very slow
A: large, large bone plates 1, thin metallic scales 1, see invisible, berserk 1,
clever 1, clumsy 1, deformed body, deterioration 2, low mp 1, sense surroundings
1, poison resistance, screaming 1, slowness 2, slow metabolism 1, spit poison 2,
weak 2, evolution 1, subdued magic 1, constrict 1, AC +9
0: Orb of Zot
}: 3/15 runes: decaying, serpentine, silver
a: Breathe Poison Gas, Potion Petition, Call Merchant, Bribe Branch, Renounce
Religion


You escaped.
You worshipped Gozag.
Gozag was most pleased with you.
You were not hungry.

You visited 13 branches of the dungeon, and saw 55 of its levels.
You visited 2 bazaars.
You also visited: Trove, Gauntlet, Ice Cave and Volcano.

You collected 42408 gold pieces.
You spent 16196 gold pieces at shops.
You paid 21995 gold pieces to Gozag.

Inventory:

Hand Weapons
 a - a +8 broad axe of electrocution
 b - a +9 sacred scourge of holy wrath (weapon)
 c - a +9 antimagic eveningstar
 d - the +7 sceptre of Torment {pain, torment}
   (You found it on level 3 of the Depths)

   In the hands of one skilled in necromantic magic, it inflicts extra damage on
   living creatures.
Missiles
 g - 3 curare-tipped darts
 j - 41 javelins (quivered)
 I - 12 throwing nets
Armour
 i - the +0 mask of the Dragon (worn) {MR+ Slay+3 SInv}
   (You bought it in a shop on level 1 of the Lair of Beasts)

   It affects your accuracy and damage with ranged weapons and melee attacks
   (+3).
   It affects your resistance to hostile enchantments.
   It lets you see invisible.
 u - the +10 tower shield of Ignorance (worn) {rN+ Int-4}
   (You bought it in a shop on level 5 of the Realm of Zot)

   It affects your intelligence (-4).
   It protects you from negative energy.
 G - a +4 naga barding of cold resistance (worn)
 P - a +2 cloak of magic resistance (worn)
 U - +6 fire dragon scales (worn)
 V - a +2 pair of gloves of strength (worn)
Jewellery
 e - the ring of Fixation {rN+ Dex+6 SInv}
   (You found it on level 3 of the Crypt)

   [ring of see invisible]

   It affects your dexterity (+6).
   It protects you from negative energy.
   It lets you see invisible.
 w - a +5 ring of slaying (on amulet)
 E - an uncursed ring of resist corrosion
 H - the ring of Jataa (left hand) {rElec rPois rF+ Int+4 Slay+3}
   (You bought it in a shop on level 3 of the Vaults)

   [ring of protection from fire]

   It affects your intelligence (+4).
   It affects your accuracy and damage with ranged weapons and melee attacks
   (+3).
   It protects you from fire.
   It insulates you from electricity.
   It protects you from poison.
 K - the macabre finger necklace (around neck) {rN+}
   (You found it on level 3 of the Elven Halls)

   [amulet of nothing]

   It protects you from negative energy.
 N - the ring of Qowujep (right hand) {rC+ MR+ Int+6}
   (You took it off a skeletal warrior on level 3 of the Crypt)

   [ring of protection from magic]

   It affects your intelligence (+6).
   It protects you from cold.
   It affects your resistance to hostile enchantments.
Wands
 n - a wand of acid (31)
 p - a wand of clouds (15)
 x - a wand of digging (13)
 F - a wand of paralysis (20)
 J - a wand of iceblast (29)
 L - a wand of scattershot (10)
Scrolls
 h - 23 scrolls of identify
 l - 14 scrolls of teleportation
 o - 37 scrolls of remove curse
 v - 4 scrolls of fog
 y - 3 scrolls of blinking
 B - 5 scrolls of summoning
 M - 3 scrolls of fear
 Y - 3 scrolls of silence
Potions
 q - 2 potions of magic
 z - 3 potions of haste
 A - 2 potions of heal wounds
 D - 3 potions of mutation
 O - 6 potions of ambrosia
 S - 10 potions of brilliance
 T - 4 potions of resistance
 W - a potion of cancellation
 X - 2 potions of might
 Z - 14 potions of curing
Books
 s - a manual of Evocations
 R - a manual of Charms
Miscellaneous
 k - 6 tins of tremorstones
 m - 8 boxes of beasts
 r - a lightning rod (4/4)
 t - a phial of floods
 C - the horn of Geryon
 Q - 5 phantom mirrors
Comestibles
 f - 14 rations


   Skills:
 + Level 26.7 Fighting
 - Level 16.1(18.0) Axes
 - Level 13.9(16.8) Maces & Flails
 - Level 0.8 Throwing
 + Level 14.2 Armour
 - Level 8.0 Dodging
 - Level 5.1 Stealth
 - Level 15.0 Shields
 + Level 18.7 Spellcasting
 - Level 7.0 Hexes
 - Level 10.1 Charms
 - Level 6.0 Necromancy
 + Level 20.2 Translocations
 - Level 15.0 Evocations


You had 20 spell levels left.
You knew the following spells:

 Your Spells              Type           Power        Failure   Level  Hunger
a - Blink                 Tloc           N/A          0%          2    None
b - Shroud of Golubria    Chrm/Tloc      ######       0%          2    None
c - Poisonous Vapours     Pois/Air       ###...       6%          2    None
d - Teleport Other        Tloc           #######.     0%          3    None
e - Passage of Golubria   Tloc           N/A          0%          4    None
f - Gell's Gravitas       Tloc           #######...   0%          3    None
g - Spectral Weapon       Hex/Chrm       ######..     1%          3    None
h - Vampiric Draining     Necr           #####.....   1%          3    None
i - Iskenderun's Mystic   Conj/Tloc      ######..     1%          4    None
j - Dispersal             Tloc           #######...   1%          6    ###....
k - Recall                Summ/Tloc      N/A          1%          3    None
l - Song of Slaying       Chrm           ######..     1%          2    None
m - Summon Forest         Summ/Tloc      ######....   1%          5    None
n - Apportation           Tloc           ######       0%          1    None

Your spell library contained the following spells:

 Spells                   Type           Power        Failure   Level  Hunger
 Lesser Beckoning         Tloc           #######...   0%          3    None
 Corona                   Hex            #####..      1%          1    None
 Infusion                 Chrm           ####         1%          1    None
 Pain                     Necr           ####         1%          1    None
 Corpse Rot               Necr/Air       N/A          1%          2    None
 Ensorcelled Hibernation  Hex/Ice        ####..       1%          2    None
 Slow                     Hex            #####...     1%          2    None
 Sublimation of Blood     Necr           #####.....   1%          2    None
 Swiftness                Chrm/Air       #####...     1%          2    None
 Confusing Touch          Hex            #####...     1%          3    None
 Ozocubu's Armour         Chrm/Ice       #####...     1%          3    None
 Portal Projectile        Hex/Tloc       ######       1%          3    None
 Tukima's Dance           Hex            #####...     1%          3    None
 Dazzling Flash           Conj/Hex       ####..       2%          3    None
 Inner Flame              Hex/Fire       ####....     2%          3    None
 Summon Guardian Golem    Hex/Summ       ####....     2%          3    None
 Cause Fear               Hex            #####.....   2%          4    None
 Dispel Undead            Necr           #####...     3%          4    None
 Foxfire                  Conj/Fire      ###.         4%          1    None
 Freeze                   Ice            ###.         4%          1    None
 Magic Dart               Conj           ###.         4%          1    None
 Sandblast                Erth           ###...       4%          1    None
 Shock                    Conj/Air       ###.         4%          1    None
 Sting                    Tmut/Pois      ###.         4%          1    None
 Summon Butterflies       Summ           ###.....     4%          1    None
 Summon Small Mammal      Summ           ###.         4%          1    None
 Call Imp                 Summ           ###.....     6%          2    None
 Passwall                 Tmut/Erth      ###.....     6%          2    None
 Searing Ray              Conj           ###...       6%          2    None
 Controlled Blink         Tloc           N/A          7%          8    ######.
 Disjunction              Tloc           #######...   7%          8    ######.
 Fulminant Prism          Conj/Hex       ####......   10%         4    None
 Leda's Liquefaction      Hex/Erth       ####......   10%         4    None
 Call Canine Familiar     Summ           ###.....     13%         3    None
 Conjure Flame            Conj/Fire      ###.....     13%         3    None
 Frozen Ramparts          Ice            ###...       13%         3    None
 Ignite Poison            Fire/Tmut/Pois ###.....     13%         3    None
 Mephitic Cloud           Conj/Pois/Air  ###.....     13%         3    None
 Static Discharge         Conj/Air       ###.....     13%         3    None
 Stone Arrow              Conj/Erth      ###...       13%         3    None
 Metabolic Englaciation   Hex/Ice        ####......   30%         5    None
 Silence                  Hex/Air        ####......   30%         5    None
 Summon Mana Viper        Hex/Summ       ####....     30%         5    None
 Borgnjor's Vile Clutch   Necr/Erth      ####......   34%         5    None
 Darkness                 Hex            #####.....   36%         6    ###....
 Invisibility             Hex            #####...     36%         6    ###....
 Airstrike                Air            ###.......   41%         4    None
 Hailstorm                Conj/Ice       ###.....     41%         4    None
 Ice Form                 Ice/Tmut       ###.....     41%         4    None
 Olgreb's Toxic Radiance  Pois           ###.....     41%         4    None
 Petrify                  Tmut/Erth      ###.....     41%         4    None
 Summon Ice Beast         Ice/Summ       ###.....     41%         4    None
 Summon Lightning Spire   Summ/Air       ###.....     41%         4    None
 Malign Gateway           Summ/Tloc      ######....   52%         7    #####..
 Deflect Missiles         Chrm/Air       #####.....   65%         6    ###....
 Alistair's Intoxication  Tmut/Pois      ###.....     78%         5    None
 Aura of Abjuration       Summ           ###.......   78%         5    None
 Irradiate                Conj/Tmut      ###.......   78%         5    None
 Lee's Rapid Deconstruct  Erth           ###.......   78%         5    None
 Lightning Bolt           Conj/Air       ###.......   78%         5    None
 Summon Demon             Summ           ###.......   78%         5    None
 Simulacrum               Ice/Necr       ####......   91%         6    ###....
 Conjure Ball Lightning   Conj/Air       ###.......   100%        6    ###....
 Eringya's Noxious Bog    Tmut/Pois      ###.......   100%        6    ###....
 Freezing Cloud           Conj/Ice/Air   ###.......   100%        6    ###....
 Hydra Form               Tmut           ###.......   100%        6    ###....
 Ozocubu's Refrigeration  Ice            ###.......   100%        6    ###....
 Shadow Creatures         Summ           N/A          100%        6    ###....
 Statue Form              Tmut/Erth      ###......    100%        6    ###....
 Dragon Form              Tmut           ###.......   100%        7    #####..
 Monstrous Menagerie      Summ           ###.......   100%        7    #####..
 Orb of Destruction       Conj           ###.......   100%        7    #####..
 Summon Greater Demon     Summ           ###.......   100%        7    #####..
 Summon Hydra             Summ           ###.......   100%        7    #####..
 Chain Lightning          Conj/Air       ###.......   100%        8    ######.
 Lehudib's Crystal Spear  Conj/Erth      ###.......   100%        8    ######.
 Summon Horrible Things   Summ           ###.......   100%        8    ######.
 Absolute Zero            Ice            ###.......   100%        9    #######
 Dragon's Call            Summ           ###.......   100%        9    #######
 Fire Storm               Conj/Fire      ###.......   100%        9    #######
 Tornado                  Air            ###.......   100%        9    #######


Dungeon Overview and Level Annotations

Branches:
Dungeon (15/15)            Temple (1/1) D:5            Lair (6/6) D:10
  Swamp (4/4) Lair:2        Snake (4/4) Lair:4        Slime (0/5) Lair:6
    Orc (2/2) D:10            Elf (3/3) Orc:2        Vaults (5/5) D:13
  Crypt (3/3) Vaults:2       Tomb (1/3) Crypt:3      Depths (5/5) D:15
   Hell (visited)             Dis (0/7) Hell            Geh (0/7) Hell
    Coc (0/7) Hell            Tar (0/7) Hell            Zot (5/5) Depths:5
  IceCv (visited)         Volcano (visited)         Gauntlet (visited)

Altars:
Ashenzari
Cheibriados
Dithmenos
Elyvilon
Fedhas
Gozag
Kikubaaqudgha
Makhleb
Nemelex Xobeh
Qazlal
Sif Muna
Trog
Vehumet
Wu Jian
Xom
Yredelemnul
Zin
The Shining One
Jiyva

Shops:
D:4 *   D:5 (   D:6 =   D:8 *   D:10 ?   D:12 *   Orc:2 }[=(*   Elf:1 (
Elf:2 [   Lair:1 [   Lair:2 [   Lair:6 =*   Vaults:3 =   Vaults:5 ?   Crypt:1 [
Tomb:1 ?   Zot:1 (?   Zot:5 [   Depths:2 [   Depths:4 *

Portals:
Hell: Depths:1 Depths:2 Depths:3 Depths:4 Depths:5
Abyss: Depths:2 Depths:3 Depths:4
Pandemonium: Depths:1 Depths:3 Depths:5
Ziggurat: Depths:2

Annotations:
Elf:2 3 runed translucent doors


Innate Abilities, Weirdness & Mutations

You cannot wear boots.
Your serpentine skin is tough. (AC +9)
You have supernaturally acute eyesight. (SInv)
Armour fits poorly on your strangely shaped body.
Your system is resistant to poisons. (rPois)
You cover ground very slowly.
You have a slow metabolism.
You can exhale a cloud of poison.
You can use your snake-like lower body to constrict enemies.
You are partially covered in large bone plates. (SH +4)
You are partially covered in thin metallic scales. (AC +2)
You tend to lose your temper in combat.
Your mind is acute. (Int +2)
You are clumsy. (Dex -2)
Your body often deteriorates upon taking damage.
Your magical capacity is low. (-10% MP)
You passively map a small area around you.
You occasionally shout uncontrollably at your foes.
You are very weak. (Str -4)
You evolve.
Your spells are a little easier to cast, but a little less powerful.


Message History

You start resting.
You feel less invigorated.
You feel less confused.
You climb upwards.
There is a stone staircase leading down here.
(D) Dungeon (T) Temple (L) Lair (S) Swamp (P) Snake Pit (M) Slime Pits (O) Orcish Mines (E) Elven Halls (V) Vaults (C) Crypt (W) Tomb (U) Depths (H) Hell (I) Dis (G) Gehenna (X) Cocytus (Y) Tartarus (Z) Zot
Where to? (Enter - D:1 @ (x,y), ? - help)
What level of the Dungeon? (default 1, ? - help)
You feel a little less mighty now.
A gelid demonspawn and an infernal demonspawn come into view.
The infernal demonspawn shouts!
The gelid demonspawn shouts!
There is a stone staircase leading up here.
You climb upwards.
There is a stone staircase leading down here.
There is a staircase leading out of the dungeon here.
You have escaped!

#.####........###########
#......##.#.............#
#####...[........######.#
#..♣♣♣♣♣♣♣♣♣.# #.#
#.♣..PP..PP♣.## #.####
#.♣...P..PP♣..# #....#
#.♣P...PP..♣..# #..#.#
##### #.♣PP...P..♣..#
##...# ###...#
#.♣..P.@.PP♣..# ##.##
......####.♣..PP...P♣..#
#.#
###........♣PP..P...♣..#
#.#
#######..♣PP..PP..♣..#
#.# ##.♣♣♣♣♣♣♣♣♣...# #.#
#....÷........# #.# #
##....#######.# #.# #
#...## ##.##.### #.# ####
#.### ##.#.....# #.#


There were no monsters in sight!

Vanquished Creatures
  A pandemonium lord (D:3)
  Mara (Swamp:4)
  5 orbs of fire
  Mennas (Vaults:3)
  3 juggernauts
  6 ancient liches
  7 greater mummies
  Boris (Vaults:3)
  Margery (Crypt:1)
  3 Killer Klowns
  The ghost of Neulin the Warrior, a veteran TrFi of Makhleb (Elf:2)
  Saint Roka (Snake:2)
  A curse toe (Zot:4)
  Xtahua (Vaults:3)
  Geryon (Hell)
  9 caustic shrikes (Depths:4)
  10 golden dragons
  3 bone dragons
  A Tzitzimitl (D:15)
  A hellephant (Depths:1)
  5 electric golems
  18 tentacled monstrosities
  Jorgrun (D:13)
  3 Hell Sentinels
  Rupert (D:14)
  25 Orb Guardians
  6 liches
  16 quicksilver dragons
  7 titans
  3 deep elf blademasters (Elf:3)
  6 acid blobs (Zot:2)
  6 ancient champions
  9 sphinxes
  Kirke (Lair:4)
  Donald (Vaults:2)
  12 death cobs
  14 storm dragons
  8 tengu reavers
  11 shadow dragons
  3 draconian monks
  4 revenants
  6 nagarajas
  9 fire giants
  9 deep elf sorcerers
  The ghost of Flubbersnuff the Severer, a journeyman MiBe of Trog (Swamp:4)
  5 ghost moths
  Aizul (Snake:2)
  5 draconian knights
  A ghost moth (shapeshifter) (Vaults:1)
  A corrupter (Depths:5)
  10 frost giants
  A cacodemon (Depths:5)
  3 iron dragons
  2 curse skulls
  10 vault wardens
  15 draconian shifters
  3 draconian stormcallers
  3 deep elf elementalists (Elf:3)
  9 ghouls
  10 draconian scorchers
  4 reapers
  11 ironheart preservers
  22 stone giants
  5 spriggan defenders
  13 very ugly things
  5 draconian annihilators
  4 war gargoyles
  13 green draconians
  2 vampire knights
  4 bennus (Tomb:1)
  An entropy weaver (Vaults:4)
  5 deep elf demonologists
  The ghost of Amnesiac the Geomancer, a journeyman TrEE of Vehumet (Orc:2)
  Azrael (Orc:2)
  Nessos (D:13)
  2 lorocyprocas
  10 red draconians
  11 black draconians
  12 white draconians
  21 yellow draconians
  4 spark wasps (Depths:4)
  12 purple draconians
  A minotaur (Gauntlet)
  9 deep elf annihilators (Elf:3)
  A spark wasp (shapeshifter) (D:15)
  8 mummy priests
  5 blizzard demons
  4 eidola
  15 ettins
  9 fire dragons
  10 deep elf death magi
  Josephine (Orc:2)
  A merfolk javelineer (Depths:3)
  8 jiangshi
  8 great orbs of eyes
  17 naga warriors
  18 yaktaur captains
  7 deep elf high priests
  9 rakshasas
  A quicksilver dragon zombie (Hell)
  A hell beast (Depths:5)
  5 monstrous demonspawn
  10 ice dragons
  16 vault guards
  Harold (D:7)
  A quicksilver dragon skeleton (Crypt:3)
  20 hydras
  7 spriggan air magi
  11 centaur warriors
  A shambling mangrove (Swamp:3)
  5 death knights
  A juggernaut simulacrum (Depths:4)
  7 anacondas
  A ghost crab (Swamp:1)
  A catoblepas (Lair:6)
  A satyr (shapeshifter) (Elf:2)
  8 vampire magi
  14 ogre magi
  2 hell hogs (Hell)
  53 two-headed ogres
  4 tengu warriors
  11 deep troll shamans
  3 shock serpents
  11 alligators
  7 death scarabs (Tomb:1)
  2 orc high priests (Elf:2)
  13 deep troll earth magi
  6 death yaks (Lair:6)
  A titan zombie (Depths:4)
  Urug (D:10)
  12 naga sharpshooters
  6 spriggan berserkers
  6 deep elf knights
  11 hell knights
  2 iron golems (Depths:1)
  3 sun demons
  54 skeletal warriors
  10 soul eaters
  2 spark wasp zombies (Depths:4)
  A salamander mystic (Snake:2)
  7 iron trolls
  A storm dragon skeleton (Vaults:1)
  A death drake (shapeshifter) (Depths:4)
  A golden dragon zombie (Depths:4)
  2 titan skeletons
  4 shadow demons
  A sixfirhy (Depths:1)
  4 shadow wraiths
  An obsidian statue (Zot:5)
  An unseen horror (Vaults:1)
  36 deep trolls
  2 swamp dragons (shapeshifter)
  5 flayed ghosts
  An orange crystal statue (Zot:5)
  A ghost moth zombie (Crypt:2)
  A torturous demonspawn (Depths:5)
  14 swamp dragons
  2 spriggan druids (Swamp:4)
  An infernal demonspawn (Depths:2)
  3 golden dragon skeletons
  9 naga ritualists
  An anaconda zombie (Hell)
  4 glowing orange brains
  9 ironbrand convokers
  17 deep elf archers
  2 shadow dragon zombies
  2 anaconda skeletons
  9 phantasmal warriors
  4 wizards
  18 necromancers
  A harpy (Vaults:2)
  A wolf spider zombie (Crypt:3)
  9 orc knights
  6 oklob plants
  2 sphinx skeletons
  4 wolf spiders
  4 orc sorcerers
  15 mana vipers
  2 cyclopes
  31 ugly things
  65 deep elf magi
  A shining eye (Gauntlet)
  37 moths of wrath
  A manticore (D:11)
  3 stone giant zombies
  2 frost giant zombies
  A stone giant skeleton (Crypt:1)
  2 guardian serpents
  A shock serpent zombie (Crypt:2)
  10 salamanders
  3 fire giant skeletons
  A water nymph (shapeshifter) (Depths:4)
  2 dire elephant zombies
  An elf zombie (Depths:4)
  20 black mambas
  A guardian serpent (shapeshifter) (Vaults:2)
  21 naga magi
  16 vault sentinels
  3 gargoyles
  11 rust devils
  8 elephants (Lair:6)
  5 smoke demons
  2 ice statues (Hell)
  2 frost giant skeletons
  3 black mambas (shapeshifter)
  A spiny frog (shapeshifter) (Vaults:2)
  12 spiny frogs
  2 spriggan skeletons (Depths:2)
  A hellion (Hell)
  A purple draconian zombie (Crypt:1)
  A tormentor (D:3)
  2 death yak zombies (Crypt:2)
  64 yaktaurs
  A minotaur zombie (Crypt:1)
  A rime drake (shapeshifter) (Vaults:1)
  A demonic crawler (Zot:3)
  3 anaconda simulacra
  An efreet (D:13)
  10 freezing wraiths
  5 rime drakes
  11 komodo dragons
  2 kobold demonologists (Elf:2)
  A hellwing (Depths:5)
  8 ice devils
  8 guardian mummies (Tomb:1)
  6 red devils
  A red draconian skeleton (Crypt:2)
  2 hydra zombies (Hell)
  A golden dragon simulacrum (Crypt:2)
  2 harpy zombies (Crypt:1)
  3 tengu conjurers
  4 trolls
  2 wolf spider simulacra (IceCv)
  A harpy skeleton (Crypt:3)
  A polar bear (Lair:6)
  5 tyrant leeches
  15 hornets
  4 hydra skeletons
  A jumping spider (shapeshifter) (Vaults:3)
  A queen bee (D:8)
  A merfolk (shapeshifter) (Gauntlet)
  6 blink frogs (Lair:5)
  2 hornets (shapeshifter)
  2 spriggan zombies
  An ettin zombie (Crypt:1)
  12 hippogriffs
  41 slime creatures
  A human simulacrum (Vaults:1)
  Prince Ribbit (D:6)
  11 bog bodies
  4 dream sheep (Lair:6)
  A frost giant simulacrum (Vaults:1)
  2 alligator zombies (Hell)
  3 ettin skeletons (Crypt:3)
  6 air elementals
  19 flying skulls
  2 fire dragon skeletons (Crypt:3)
  A meliai zombie (Crypt:3)
  14 spriggans
  8 water elementals
  An ice dragon skeleton (Crypt:3)
  A redback (shapeshifter) (Gauntlet)
  A spriggan (shapeshifter) (D:15)
  A shadow (D:13)
  A tarantella (Vaults:4)
  An alligator skeleton (Hell)
  5 vampires
  2 ynoxinuls
  10 fire elementals
  13 wraiths
  3 wyverns
  2 dire elephant simulacra (IceCv)
  A golden eye (shapeshifter) (D:13)
  36 yaks
  An elf simulacrum (Depths:4)
  Eustachio (D:4)
  2 basilisks
  2 black mamba skeletons (Crypt:3)
  8 ushabtiu (Tomb:1)
  A yaktaur simulacrum (Vaults:3)
  4 hogs (Lair:4)
  A steam dragon (D:9)
  22 vampire mosquitoes
  4 elf skeletons
  A neqoxec (Depths:5)
  13 swamp worms
  2 wargs
  2 death yak simulacra (IceCv)
  Edmund (D:6)
  5 acid dragons
  3 soldier ants
  A spiny frog zombie (Crypt:1)
  3 iron troll simulacra (IceCv)
  4 hell hounds
  35 nagas
  7 hydra simulacra (IceCv)
  14 water moccasins
  A water nymph zombie (Crypt:3)
  A monstrous demonspawn zombie (Crypt:3)
  2 floating eyes
  15 porcupines
  3 ice beasts
  7 swamp drakes
  3 sky beasts
  7 phantoms
  49 orc warriors
  5 necrophages
  An eye of draining (D:14)
  A snapping turtle zombie (Crypt:1)
  An eye of draining (shapeshifter) (Vaults:3)
  A black bear (shapeshifter) (Depths:2)
  A swamp dragon zombie (Tomb:1)
  An ettin simulacrum (IceCv)
  2 black bears
  38 ogres
  2 manticore skeletons (Crypt:3)
  A black mamba simulacrum (Crypt:2)
  5 boggarts
  24 centaurs
  A lindwurm skeleton (Crypt:3)
  5 wolves (Lair:6)
  An elephant skeleton (Crypt:1)
  A snapping turtle skeleton (Crypt:3)
  A swamp dragon skeleton (Crypt:2)
  8 crocodiles
  A human skeleton (Vaults:1)
  2 big kobolds
  A big kobold (shapeshifter) (D:13)
  An orc skeleton (Vaults:1)
  2 gnoll sergeants (D:10)
  4 earth elementals
  16 bullfrogs
  A hippogriff zombie (Crypt:2)
  A wyvern zombie (D:14)
  A draconian skeleton (Crypt:2)
  A water moccasin zombie (D:7)
  A wyvern skeleton (D:10)
  A raiju zombie (Crypt:1)
  A warg zombie (Crypt:1)
  3 scorpions
  21 killer bees
  A snapping turtle simulacrum (Hell)
  A troll zombie (Crypt:1)
  4 wights (Crypt:1)
  2 howler monkeys
  3 electric eels
  17 crimson imps
  A soldier ant zombie (Crypt:2)
  A black bear zombie (Crypt:2)
  6 hounds
  22 jellies
  3 quasits
  6 centaur zombies
  A draconian simulacrum (IceCv)
  An iron imp (Depths:1)
  3 bullfrog zombies
  22 orc wizards
  17 orc priests
  2 bullfrog skeletons
  6 centaur skeletons
  2 gnoll shamans
  5 iguanas
  A demonspawn skeleton (Crypt:1)
  8 worker ants
  2 troll simulacra (IceCv)
  A spriggan simulacrum (IceCv)
  2 wolf simulacra (IceCv)
  A killer bee zombie (D:6)
  A centaur simulacrum (IceCv)
  A hound zombie (D:6)
  2 hound skeletons
  16 mummies
  A worker ant zombie (D:8)
  19 gnolls
  16 adders
  A howler monkey skeleton (D:6)
  2 naga simulacra (IceCv)
  2 ogre simulacra (IceCv)
  9 shadow imps
  10 white imps
  6 ufetubi
  2 adder skeletons
  An adder zombie (D:7)
  3 worms (D:2)
  A dart slug (D:1)
  5 leopard geckos
  96 orcs
  7 giant cockroaches
  6 goblins
  5 hobgoblins
  19 jackals
  3 quokkas
  A ball python (shapeshifter) (Depths:2)
  3 bats
  A frilled lizard (D:2)
  A frilled lizard (shapeshifter) (Vaults:1)
  A hobgoblin skeleton (Crypt:3)
  A jackal zombie (D:7)
  21 kobolds
  8 rats
  A rat zombie (Crypt:1)
  5 fungi
  7 plants
2620 creatures vanquished.

Vanquished Creatures (collateral kills)
  A tentacled monstrosity (Vaults:5)
  2 titans (Vaults:5)
  2 tengu reavers (Vaults:5)
  2 shadow dragons (Vaults:5)
  2 storm dragons (Vaults:5)
  A stone giant (Vaults:5)
  3 ironheart preservers (Vaults:5)
  A very ugly thing (Vaults:5)
  A deep elf high priest (Vaults:5)
  2 yaktaur captains (Vaults:5)
  A crystal guardian (Vaults:5)
  An ogre mage (Vaults:5)
  5 vault guards (Vaults:5)
  3 two-headed ogres (Vaults:5)
  A deep troll earth mage (Vaults:5)
  3 deep trolls (Vaults:5)
  2 ironbrand convokers
  An ugly thing (Vaults:5)
  A freezing wraith (Vaults:5)
  5 yaktaurs
  A troll (shapeshifter) (Vaults:5)
  A dream sheep (shapeshifter) (Vaults:5)
  A wraith (Vaults:5)
  A water moccasin (Lair:1)
  2 ogres (Vaults:5)
46 creatures vanquished.

Vanquished Creatures (others)
  4 ancient liches (Zot:5)
  An orb of fire (Zot:5)
  A Killer Klown (Zot:5)
  6 Orb Guardians (Zot:5)
  An eldritch tentacle (Vaults:3)
  A tengu reaver (Vaults:5)
  A fire giant (Vaults:5)
  2 storm dragons (Zot:5)
  A draconian knight (Zot:1)
  A draconian scorcher (Zot:5)
  A draconian shifter (Zot:5)
  A draconian stormcaller (Zot:5)
  A stone giant (Vaults:5)
  A red draconian (Zot:5)
  2 black draconians (Zot:5)
  2 purple draconians (Zot:5)
  A blizzard demon (IceCv)
  2 yaktaur captains (Vaults:5)
  7 vault guards (Vaults:5)
  A deep troll (Vaults:5)
  A centaur warrior (Volcano)
  10 dancing weapons
  A death scarab (Tomb:1)
  2 deep elf knights
  An ironbrand convoker (Vaults:5)
  An obsidian statue (Zot:5)
  An orb spider (shapeshifter) (Vaults:5)
  2 deep elf magi
  A vault sentinel (Vaults:5)
  A naga mage (Snake:3)
  An ice devil (Hell)
  3 yaktaurs
  An ice dragon zombie (Hell)
  A shock serpent simulacrum (Hell)
  An ogre (Vaults:5)
  A centaur (Volcano)
  A jelly (shapeshifter) (Vaults:5)
  A white imp (IceCv)
  An ufetubus (IceCv)
  An orc (Orc:2)
  4 fungi
  9 plants
  10 spectral weapons
94 creatures vanquished.

Grand Total: 2760 creatures vanquished

Notes
Turn   | Place    | Note
-------+----------+-------------------------------------------
     0 | D:1      | jt the Naga Warper began the quest for the Orb.
     0 | D:1      | Reached XP level 1. HP: 19/19 MP: 3/3
   678 | D:1      | Reached XP level 2. HP: 20/26 MP: 5/5
  1026 | D:2      | Reached XP level 3. HP: 31/32 MP: 6/6
  1040 | D:2      | Learned a level 2 spell: Blink
  1043 | D:2      | Learned a level 2 spell: Shroud of Golubria
  1307 | D:2      | Found an opulent altar of Gozag.
  1533 | D:2      | Became a worshipper of Gozag Ym Sagoz the Greedy
  1722 | D:2      | Reached XP level 4. HP: 38/39 MP: 7/7
  1807 | D:2      | Found a glowing golden altar of the Shining One.
  1973 | D:3      | Found an ornate altar of the Wu Jian Council.
  2456 | D:3      | Reached skill level 5 in Maces & Flails
  2632 | D:4      | Gained mutation: You can translocate small distances at
                  | will. [potion of mutation]
  2632 | D:4      | Gained mutation: You are resistant to hostile enchantments.
                  | (MR+) [potion of mutation]
  2712 | D:4      | Reached XP level 5. HP: 39/45 MP: 8/8
  3031 | D:4      | Noticed Eustachio
  3044 | D:4      | Killed Eustachio
  3044 | D:4      | Reached XP level 6. HP: 36/52 MP: 9/9
  3100 | D:4      | Found Muoraniq's Assorted Antiques.
  3114 | D:4      | Bought a pair of runed gloves for 180 gold pieces
  3119 | D:4      | Bought a dazzling war axe for 204 gold pieces
  3119 | D:4      | Identified the +5 war axe "Muarugg" {elec, Stlth+} (You
                  | bought it in a shop on level 4 of the Dungeon)
  3152 | D:4      | Reached skill level 1 in Axes
  3429 | D:4      | Found a shattered altar of Ashenzari.
  3429 | D:4      | Found a bloodstained altar of Trog.
  3728 | D:5      | Entered Level 5 of the Dungeon
  3776 | D:5      | Reached XP level 7. HP: 47/60 MP: 10/10
  3788 | D:5      | Noticed a hornet
  3788 | D:5      | an ice beast changed into a hornet
  3789 | D:5      | Noticed a soldier ant
  3789 | D:5      | a hornet changed into a soldier ant
  3797 | D:5      | Killed a soldier ant
  4439 | D:5      | Reached skill level 5 in Axes
  4472 | D:5      | Found a snail-covered altar of Cheibriados.
  4519 | D:5      | Reached XP level 8. HP: 49/67 MP: 11/11
  4628 | D:5      | Found a sparkling altar of Nemelex Xobeh.
  4666 | D:5      | Found a staircase to the Ecumenical Temple.
  4709 | Temple   | Entered the Ecumenical Temple
  4778 | D:5      | You fall into a shaft and drop 1 floor!
  5066 | D:6      | Noticed Prince Ribbit
  5078 | D:6      | Killed Prince Ribbit
  5165 | D:6      | Reached XP level 9. HP: 64/73 MP: 12/12
  5173 | D:6      | Found Teefaing's Jewellery Shop.
  5198 | D:6      | Bought an uncursed ring of protection from magic for 275
                  | gold pieces
  5211 | D:6      | Reached skill level 5 in Stealth
  5369 | D:5      | Found Pofugrec's Weapon Emporium.
  5599 | D:4      | Bought a coral ring for 120 gold pieces
  5601 | D:4      | Bought a runed diamond ring for 120 gold pieces
  5910 | D:6      | Noticed Edmund
  5915 | D:6      | Killed Edmund
  6147 | D:7      | Found a blossoming altar of Fedhas.
  6188 | D:7      | Reached skill level 10 in Axes
  6293 | D:7      | Found a radiant altar of Vehumet.
  6300 | D:7      | Noticed Harold
  6319 | D:7      | Killed Harold
  6752 | D:7      | Reached XP level 10. HP: 80/80 MP: 13/13
  7421 | D:7      | Reached skill level 1 in Evocations
  8133 | D:8      | Found Zuwyplok's General Store.
  8311 | D:8      | Found a basalt altar of Yredelemnul.
  8383 | D:8      | Found a white marble altar of Elyvilon.
  9176 | D:9      | Found a shimmering altar of Xom.
  9272 | D:9      | Found an ancient bone altar of Kikubaaqudgha.
  9451 | D:9      | Found an opulent altar of Gozag.
  9858 | D:10     | Entered Level 10 of the Dungeon
  9867 | D:10     | Reached skill level 5 in Evocations
 10233 | D:10     | Found a staircase to the Orcish Mines.
 10234 | D:10     | Noticed a two-headed ogre
 10244 | D:10     | Killed a two-headed ogre
 10244 | D:10     | Reached XP level 11. HP: 64/86 MP: 14/14
 10251 | D:10     | Noticed Urug
 10269 | D:10     | Killed Urug
 10269 | D:10     | Reached skill level 3 in Fighting
 10736 | D:10     | Reached skill level 4 in Fighting
 11012 | D:10     | Found Qoircheq's Magic Scroll Emporium.
 11015 | D:10     | Bought a scroll of enchant weapon for 120 gold pieces
 11018 | D:10     | Bought a scroll of blinking for 120 gold pieces
 11053 | D:10     | Reached skill level 5 in Fighting
 11343 | D:10     | Found a staircase to the Lair.
 11403 | Lair:1   | Entered Level 1 of the Lair of Beasts
 11452 | Lair:1   | Reached skill level 6 in Fighting
 11871 | Lair:1   | Reached skill level 7 in Fighting
 12015 | Lair:1   | Bought an agate-encrusted chain mail for 266 gold pieces
 12016 | Lair:1   | Identified the +2 chain mail of the Modern Wishes {MP+9
                  | Int+2} (You bought it in a shop on level 1 of the Lair of
                  | Beasts)
 12020 | Lair:1   | Bought a slimy ring mail for 252 gold pieces
 12020 | Lair:1   | Identified the cursed +0 ring mail of the Thunderstorm
                  | {rElec Str+4 Slay+2} (You bought it in a shop on level 1 of
                  | the Lair of Beasts)
 12213 | Lair:1   | Reached skill level 1 in Shields
 12614 | Lair:2   | Reached skill level 8 in Fighting
 12887 | Lair:2   | Identified a scroll of acquirement
 12887 | Lair:2   | Identified the ring "Nyub" {rPois rN+ Int+4 Stlth+} (You
                  | acquired it on level 2 of the Lair of Beasts)
 12929 | Lair:1   | Bought the +3 crown of Dyrovepreva {rElec Int+2 SInv} for
                  | 1159 gold pieces
 12929 | Lair:1   | Found the +3 crown of Dyrovepreva {rElec Int+2 SInv}
 12949 | Lair:2   | Bought a pair of glowing gloves for 195 gold pieces
 12962 | Lair:2   | Bought the +4 Cigotuvi's embrace {rRot *Drain rN+} for 717
                  | gold pieces
 12962 | Lair:2   | Found the +4 Cigotuvi's embrace {rRot *Drain rN+}
 12999 | Lair:2   | Found a staircase to the Swamp.
 13077 | Lair:2   | Reached XP level 12. HP: 90/112 MP: 15/15
 13438 | Lair:2   | Reached skill level 9 in Fighting
 13864 | Lair:3   | Reached skill level 10 in Fighting
 14713 | Lair:3   | Reached skill level 11 in Fighting
 14956 | Lair:3   | Identified the cursed +1 mace of Gozag's Righteous Fury
                  | {venom, *Corrode rPois rN++ Int+3} (You found it on level 3
                  | of the Lair of Beasts)
 15551 | Lair:4   | Reached skill level 12 in Fighting
 15815 | Lair:4   | Found a staircase to the Snake Pit.
 15898 | Lair:4   | Identified the +7 dagger "Ogrebane" {drain, rElec MR+
                  | Int+3} (You found it on level 4 of the Lair of Beasts)
 16201 | Lair:4   | Noticed Kirke
 16223 | Lair:4   | Killed Kirke
 16223 | Lair:4   | Reached skill level 13 in Fighting
 16223 | Lair:4   | Gained mutation: You can use your snake-like lower body to
                  | constrict enemies. [Naga growth]
 16223 | Lair:4   | Reached XP level 13. HP: 45/133 MP: 5/16
 16575 | Lair:5   | Learned a level 2 spell: Poisonous Vapours
 16616 | Lair:5   | Found a gate leading to a gauntlet.
 16640 | Gauntlet | Entered a Gauntlet
 16640 | Gauntlet | Found a transporter.
 16650 | Gauntlet | Found a transporter.
 16654 | Gauntlet | Found a runed translucent door.
 16656 | Gauntlet | Found a runed translucent door.
 16658 | Gauntlet | Found a transporter.
 16660 | Gauntlet | Found a transporter.
 16669 | Gauntlet | Found a runed translucent door.
 16672 | Gauntlet | Found a transporter.
 16683 | Gauntlet | Noticed a balrug
 16685 | Gauntlet | Found a runed translucent gate.
 16686 | Gauntlet | Found a transporter.
 16686 | Gauntlet | Found a runed translucent gate.
 16687 | Gauntlet | Found a runed translucent gate.
 16696 | Gauntlet | Found a transporter.
 16706 | Gauntlet | Found a transporter.
 16706 | Gauntlet | Noticed a great orb of eyes
 16710 | Gauntlet | Found a transporter.
 16725 | Gauntlet | Found a transporter.
 16726 | Gauntlet | Found a transporter.
 16737 | Gauntlet | Found a transporter.
 16739 | Gauntlet | Found a transporter.
 16740 | Gauntlet | Found a transporter.
 16884 | Gauntlet | Noticed a quicksilver dragon
 16887 | Gauntlet | Noticed a fire giant
 16887 | Gauntlet | a quicksilver dragon changed into a fire giant
 16888 | Gauntlet | Noticed a sphinx
 16888 | Gauntlet | a fire giant changed into a sphinx
 16893 | Gauntlet | Noticed a dire elephant
 16893 | Gauntlet | a sphinx changed into a dire elephant
 16894 | Gauntlet | Noticed a stone giant
 16894 | Gauntlet | a dire elephant changed into a stone giant
 16895 | Gauntlet | Noticed a quicksilver dragon
 16895 | Gauntlet | a stone giant changed into a quicksilver dragon
 16896 | Gauntlet | Noticed a frost giant
 16896 | Gauntlet | a quicksilver dragon changed into a frost giant
 16904 | Gauntlet | Noticed a fire giant
 16904 | Gauntlet | a frost giant changed into a fire giant
 16912 | Gauntlet | a fire giant changed into an iron troll
 16921 | Gauntlet | Noticed a quicksilver dragon
 16921 | Gauntlet | an iron troll changed into a quicksilver dragon
 16923 | Gauntlet | Noticed a stone giant
 16923 | Gauntlet | a quicksilver dragon changed into a stone giant
 16928 | Gauntlet | Noticed a storm dragon
 16928 | Gauntlet | a stone giant changed into a storm dragon
 16939 | Gauntlet | a storm dragon changed into an iron troll
 16949 | Gauntlet | Noticed a fire giant
 16956 | Gauntlet | a fire giant changed into an alligator snapping turtle
 16979 | Gauntlet | Got a coiled jade amulet
 16980 | Gauntlet | Identified the amulet "Zyath" {Acrobat *Corrode Int+4
                  | Dex+3} (You found it in a Gauntlet)
 16982 | Gauntlet | Got a slimy amber ring
 16983 | Gauntlet | Identified the ring of Joschis {rN+ MR- Dex+5 Stlth-} (You
                  | found it in a Gauntlet)
 17017 | Gauntlet | Noticed a minotaur
 17030 | Gauntlet | Killed a minotaur
 17030 | Gauntlet | Reached skill level 14 in Fighting
 17052 | Gauntlet | Got a ripped robe
 17053 | Gauntlet | Identified the +0 robe "Puhawesy" {MR+ rCorr Int+2} (You
                  | found it in a Gauntlet)
 17213 | Lair:5   | Got a fine spear
 17223 | Lair:5   | Identified the cursed +0 spear of Forgiveness {flame, rElec
                  | Str+3} (You found it on level 5 of the Lair of Beasts)
 17449 | Lair:5   | Found a glowing silver altar of Zin.
 17839 | Lair:6   | Entered Level 6 of the Lair of Beasts
 17935 | Lair:6   | Bought an uncursed ring of fire for 400 gold pieces
 18118 | Lair:6   | Found a dark tunnel.
 18143 | Lair:6   | Reached skill level 15 in Fighting
 18162 | Volcano  | Entered a volcano
 18375 | Volcano  | Found a bloodstained altar of Trog.
 18385 | Volcano  | Noticed a red draconian
 18432 | Volcano  | Killed a red draconian
 18680 | Lair:6   | Found a staircase to the Slime Pits.
 18680 | Lair:6   | Found a viscous altar of Jiyva.
 19266 | Lair:6   | Reached skill level 16 in Fighting
 19267 | Lair:6   | Reached XP level 14. HP: 150/150 MP: 15/17
 20237 | Orc:1    | Entered Level 1 of the Orcish Mines
 20852 | Orc:2    | Entered Level 2 of the Orcish Mines
 20872 | Orc:2    | Reached skill level 17 in Fighting
 21158 | Orc:2    | Found Fasagaz's Assorted Antiques.
 21257 | Orc:2    | Found a staircase to the Elven Halls.
 21392 | Orc:2    | Noticed Azrael
 21690 | Swamp:1  | Entered Level 1 of the Swamp
 22118 | Swamp:1  | Found a shadowy altar of Dithmenos.
 26002 | Swamp:3  | Found a frozen archway.
 26006 | Swamp:3  | Got a distressingly furry ring mail
 26012 | Swamp:3  | Identified the +1 ring mail of Betwu {Int+2} (You found it
                  | on level 3 of the Swamp)
 26047 | IceCv    | Entered an ice cave
 26076 | IceCv    | Reached XP level 15. HP: 124/163 MP: 18/18
 28051 | IceCv    | HP: 2/163 [iron troll simulacrum (22)]
 28474 | IceCv    | Reached skill level 18 in Fighting
 28770 | IceCv    | Found the +0 pair of fencer's gloves {Riposte Dex+3}
 29121 | Swamp:3  | Identified the cursed +0 helmet of Vuinwodaus {Dex+3 SInv}
                  | (You found it on level 3 of the Swamp)
 30135 | Swamp:4  | Entered Level 4 of the Swamp
 30145 | Swamp:4  | Reached skill level 5 in Dodging
 30842 | Swamp:4  | Identified the +5 hand axe of Louphu Dibb {vorpal, rElec
                  | rC- MR+} (You found it on level 4 of the Swamp)
 30854 | Swamp:4  | Reached skill level 1 in Armour
 31757 | Orc:1    | Reached skill level 10 in Maces & Flails
 32179 | Orc:2    | Found Nitt's Jewellery Shoppe.
 32179 | Orc:2    | Found Soboh's Armour Shop.
 32181 | Orc:2    | Found Pituperphos's Gadget Boutique.
 32183 | Orc:2    | Found Lihuefapp's Weapon Emporium.
 32192 | Orc:2    | Bought a phial of floods for 520 gold pieces
 32242 | Orc:2    | Found a large runed translucent door.
 32242 | Orc:2    | Found a large runed translucent door.
 32243 | Orc:2    | Noticed Amnesiac's ghost (journeyman TrEE)
 32248 | Orc:2    | Killed Azrael
 32270 | Orc:2    | Noticed Josephine
 32283 | Orc:2    | Killed Josephine
 32793 | Orc:2    | Killed Amnesiac's ghost
 32968 | Lair:2   | Bought polished swamp dragon scales for 1430 gold pieces
 32968 | Lair:2   | Identified the +3 swamp dragon scales "Ziaro" {+Fly rPois
                  | rF- rCorr Stlth+} (You bought it in a shop on level 2 of
                  | the Lair of Beasts)
 33010 | Snake:1  | Entered Level 1 of the Snake Pit
 34354 | D:12     | Reached XP level 16. HP: 97/171 MP: 19/19
 34718 | D:12     | Found Baruil's Bounteous Boutique.
 35937 | D:13     | Noticed Jorgrun
 35948 | D:13     | Killed Jorgrun
 36087 | D:13     | Noticed Nessos
 36096 | D:13     | Killed Nessos
 36099 | D:13     | Reached skill level 5 in Shields
 36304 | D:13     | Found a gate to the Vaults.
 36974 | D:13     | Identified the +7 war axe of Buebb {venom, *Noise rF+
                  | Str+3}
 36974 | D:13     | Identified the ring "Uzecae" {Ice +Blink Int+4}
 37120 | D:13     | Identified Maes's Reference Book on Confrontation
 37568 | Snake:1  | Noticed a nagaraja
 37580 | Snake:1  | Killed a nagaraja
 37743 | Elf:1    | Entered Level 1 of the Elven Halls
 37933 | D:8      | Bought a ration for 60 gold pieces
 39199 | Swamp:4  | Noticed Mara
 39228 | Swamp:4  | Noticed jt's illusion
 39231 | Swamp:4  | Killed Mara
 39231 | Swamp:4  | Reached skill level 5 in Translocations
 39231 | Swamp:4  | Reached XP level 17. HP: 83/180 MP: 7/23
 39593 | Swamp:4  | Got a decaying rune of Zot
 39899 | Swamp:4  | Identified the +2 flail of Makhleb's Respect {vorpal, rC+
                  | Int+2} (You found it on level 4 of the Swamp)
 40000 | Swamp:4  | Found a runed translucent door.
 40002 | Swamp:4  | Noticed Flubbersnuff's ghost (journeyman MiBe)
 40594 | Snake:1  | Reached skill level 5 in Spellcasting
 41429 | Snake:2  | Noticed Aizul
 41450 | Snake:2  | Killed Aizul
 41459 | Snake:2  | Gained mutation: Your spells are a little easier to cast,
                  | but a little less powerful. [mutagenic glow]
 41483 | Snake:1  | Gained mutation: You are dopey. (Int -2) [mutagenic glow]
 42157 | Snake:2  | Lost mutation: You are resistant to hostile enchantments.
                  | (MR+) [mutagenic glow]
 42164 | Snake:2  | Identified the +2 chain mail of the Ten Deaths {rN+ Int+4
                  | Dex+2}
 42165 | Snake:2  | Noticed Saint Roka
 42193 | Snake:2  | Gained mutation: You are clumsy. (Dex -2) [mutagenic glow]
 42245 | Snake:1  | Gained mutation: Your tail ends in a poisonous barb.
                  | [mutagenic glow]
 43126 | Snake:1  | Bought a ration for 60 gold pieces
 43126 | Snake:1  | Bought a ration for 60 gold pieces
 43126 | Snake:1  | Bought a ration for 60 gold pieces
 43126 | Snake:1  | Bought a ration for 60 gold pieces
 43126 | Snake:1  | Bought a ration for 60 gold pieces
 43126 | Snake:1  | Bought a ration for 60 gold pieces
 43126 | Snake:1  | Bought a ration for 60 gold pieces
 43126 | Snake:1  | Bought a ration for 60 gold pieces
 43630 | Snake:2  | Killed Saint Roka
 45943 | Snake:4  | Entered Level 4 of the Snake Pit
 46487 | Snake:4  | Learned a level 3 spell: Teleport Other
 46492 | Snake:4  | Learned a level 4 spell: Passage of Golubria
 46498 | Snake:4  | Reached skill level 10 in Shields
 46534 | Snake:4  | Reached XP level 18. HP: 188/188 MP: 8/26
 47120 | Snake:4  | Identified the +5 hand crossbow of Turmoil {elec, rPois}
 47751 | Snake:4  | Learned a level 3 spell: Gell's Gravitas
 48910 | Snake:4  | Got a serpentine rune of Zot
 49244 | Vaults:1 | Entered Level 1 of the Vaults
 50971 | Lair:2   | Bought a translucent chain mail for 247 gold pieces
 50971 | Lair:2   | Bought a shimmering chain mail for 247 gold pieces
 50971 | Lair:2   | Identified the cursed +1 chain mail "Dourch" {rElec Int+3}
                  | (You bought it in a shop on level 2 of the Lair of Beasts)
 50972 | Lair:2   | Identified the +2 chain mail of the Blind Marksman {rCorr
                  | Str+2 Int-3} (You bought it in a shop on level 2 of the
                  | Lair of Beasts)
 52485 | Vaults:1 | Reached XP level 19. HP: 109/195 MP: 3/31
 52705 | Vaults:1 | Gained mutation: You tend to lose your temper in combat. [a
                  | shining eye]
 53775 | Vaults:2 | Reached skill level 10 in Translocations
 53807 | Vaults:2 | HP: 8/195 [vault sentinel/silver javelin (8)]
 54464 | Vaults:2 | Found a flickering gateway to a bazaar.
 54474 | Bazaar   | Entered a bazaar
 54476 | Bazaar   | Found Weez Rai's Distillery.
 54480 | Bazaar   | Found Deusku Sara's Antique Armour Boutique.
 54480 | Bazaar   | Found Zairphan's Weapon Boutique.
 54481 | Bazaar   | Found Asyim's Food Boutique.
 54511 | Bazaar   | Bought a potion of curing for 30 gold pieces
 54511 | Bazaar   | Bought a potion of might for 40 gold pieces
 54511 | Bazaar   | Bought a potion of mutation for 80 gold pieces
 54511 | Bazaar   | Bought a potion of curing for 30 gold pieces
 54511 | Bazaar   | Bought a potion of heal wounds for 50 gold pieces
 54511 | Bazaar   | Bought a potion of heal wounds for 50 gold pieces
 54511 | Bazaar   | Bought a potion of mutation for 80 gold pieces
 54511 | Bazaar   | Bought a potion of mutation for 80 gold pieces
 54511 | Bazaar   | Bought a potion of curing for 30 gold pieces
 54517 | Bazaar   | Bought a ration for 55 gold pieces
 54517 | Bazaar   | Bought a ration for 55 gold pieces
 54517 | Bazaar   | Bought a ration for 55 gold pieces
 54517 | Bazaar   | Bought a ration for 55 gold pieces
 54517 | Bazaar   | Bought a ration for 55 gold pieces
 54517 | Bazaar   | Bought a ration for 55 gold pieces
 54517 | Bazaar   | Bought a ration for 55 gold pieces
 54530 | Bazaar   | Bought warped quicksilver dragon scales for 1495 gold
                  | pieces
 54531 | Bazaar   | Identified the cursed quicksilver dragon scales "Naufaul"
                  | {MR+ Str+4 Int+2} (You bought it in a shop in a bazaar)
 55498 | Vaults:2 | Noticed Donald
 55617 | Vaults:2 | Killed Donald
 55617 | Vaults:2 | Reached skill level 10 in Spellcasting
 56381 | Vaults:2 | Found a staircase to the Crypt.
 56797 | Vaults:3 | Reached XP level 20. HP: 122/205 MP: 11/34
 56950 | Vaults:3 | Bought the ring of Jataa {rElec rPois rF+ Int+4 Slay+3} for
                  | 1091 gold pieces
 57659 | Vaults:3 | Noticed Boris
 57708 | Vaults:3 | Lost mutation: Your tail ends in a poisonous barb. [potion
                  | of mutation]
 57708 | Vaults:3 | Lost mutation: You are dopey. (Int -2) [potion of mutation]
 57708 | Vaults:3 | Lost mutation: Your spells are a little easier to cast, but
                  | a little less powerful. [potion of mutation]
 57708 | Vaults:3 | Gained mutation: You often lose your temper in combat.
                  | [potion of mutation]
 57708 | Vaults:3 | Gained mutation: You have an uncontrollable temper. [potion
                  | of mutation]
 57708 | Vaults:3 | Gained mutation: Your tail ends in a poisonous barb.
                  | [potion of mutation]
 57708 | Vaults:3 | Gained mutation: Your tail ends in a sharp poisonous barb.
                  | [potion of mutation]
 57709 | Vaults:3 | Lost mutation: You have an uncontrollable temper. [potion
                  | of mutation]
 57709 | Vaults:3 | Lost mutation: You can translocate small distances at will.
                  | [potion of mutation]
 57709 | Vaults:3 | Lost mutation: You are clumsy. (Dex -2) [potion of
                  | mutation]
 57709 | Vaults:3 | Gained mutation: You have a pair of small horns on your
                  | head. [potion of mutation]
 57709 | Vaults:3 | Gained mutation: You are partially covered in icy blue
                  | scales. (AC +2) [potion of mutation]
 57710 | Vaults:3 | Lost mutation: Your tail ends in a sharp poisonous barb.
                  | [potion of mutation]
 57710 | Vaults:3 | Lost mutation: You have a pair of small horns on your head.
                  | [potion of mutation]
 57710 | Vaults:3 | Lost mutation: Your tail ends in a poisonous barb. [potion
                  | of mutation]
 57710 | Vaults:3 | Gained mutation: You occasionally shout uncontrollably at
                  | your foes. [potion of mutation]
 57710 | Vaults:3 | Gained mutation: You are resistant to electric shocks.
                  | (rElec) [potion of mutation]
 57710 | Vaults:3 | Gained mutation: Your magical capacity is low. (-10% MP)
                  | [potion of mutation]
 57710 | Vaults:3 | Gained mutation: You are robust. (+10% HP) [potion of
                  | mutation]
 57857 | D:12     | Lost mutation: Your magical capacity is low. (-10% MP)
                  | [potion of mutation]
 57857 | D:12     | Lost mutation: You occasionally shout uncontrollably at
                  | your foes. [potion of mutation]
 57857 | D:12     | Lost mutation: You often lose your temper in combat.
                  | [potion of mutation]
 58113 | Swamp:4  | Killed Flubbersnuff's ghost
 58439 | D:14     | Noticed Rupert
 58587 | D:14     | Killed Rupert
 58660 | D:14     | Identified the Tome of Glacial Black Magic
 58683 | D:14     | Learned a level 3 spell: Spectral Weapon
 58687 | D:14     | Learned a level 3 spell: Vampiric Draining
 58850 | D:14     | Paralysed by a hornet for 2 turns
 59314 | D:15     | Entered Level 15 of the Dungeon
 59618 | D:15     | Lost mutation: You are partially covered in icy blue
                  | scales. (AC +2) [potion of mutation]
 59618 | D:15     | Lost mutation: You are robust. (+10% HP) [potion of
                  | mutation]
 59618 | D:15     | Lost mutation: You tend to lose your temper in combat.
                  | [potion of mutation]
 59618 | D:15     | Lost mutation: You are resistant to electric shocks.
                  | (rElec) [potion of mutation]
 59618 | D:15     | Gained mutation: You are robust. (+10% HP) [potion of
                  | mutation]
 59618 | D:15     | Gained mutation: You are weak. (Str -2) [potion of
                  | mutation]
 59618 | D:15     | Gained mutation: You evolve. [potion of mutation]
 59672 | D:15     | Found a staircase to the Depths.
 59997 | Depths:1 | Entered Level 1 of the Depths
 60113 | Depths:1 | Lost mutation: You are weak. (Str -2) [evolution]
 60166 | Depths:1 | Found a one-way gate leading to the halls of Pandemonium.
 60197 | Depths:1 | Reached skill level 15 in Shields
 60797 | Depths:1 | Found a sparkling altar of Nemelex Xobeh.
 60841 | Depths:1 | Found a gateway to Hell.
 60874 | Depths:1 | Reached skill level 5 in Armour
 61459 | Depths:2 | Reached skill level 1 in Hexes
 61459 | Depths:2 | Reached skill level 1 in Charms
 61593 | Depths:2 | Found a gateway to a ziggurat.
 61790 | Depths:2 | Found a one-way gate to the infinite horrors of the Abyss.
 62211 | Depths:2 | You fall into a shaft and drop 1 floor!
 62406 | Depths:3 | Reached XP level 21. HP: 171/233 MP: 11/35
 62934 | Depths:3 | Identified the +2 scimitar of Exquisite Death {vorpal,
                  | Int+4} (You found it on level 3 of the Depths)
 64197 | Depths:2 | Reached skill level 5 in Hexes
 64197 | Depths:2 | Reached skill level 5 in Charms
 64369 | Depths:2 | Noticed a golden dragon
 64390 | Depths:2 | Killed a golden dragon
 66209 | Depths:2 | Gained mutation: You are partially covered in thin metallic
                  | scales. (AC +2) [evolution]
 66761 | Depths:2 | Identified Xaiptove's Catalogue of Earth and Dark Magic
 67276 | Lair:1   | Bought the +0 mask of the Dragon {MR+ Slay+3 SInv} for 935
                  | gold pieces
 67276 | Lair:1   | Found the +0 mask of the Dragon {MR+ Slay+3 SInv}
 67997 | Elf:1    | Identified Irovuhij's Papyrus of Slavery
 68088 | Elf:1    | Reached XP level 22. HP: 207/245 MP: 12/36
 68661 | Elf:1    | Found Riubauts's Antique Weapon Emporium.
 68963 | Elf:2    | Reached skill level 19 in Fighting
 69149 | Elf:2    | Found Bodghoyn's Armour Boutique.
 69369 | Elf:2    | Found a runed translucent gate.
 69370 | Elf:2    | Found a runed translucent gate.
 69370 | Elf:2    | Noticed Neulin's ghost (veteran TrFi)
 69371 | Elf:2    | Found a runed translucent gate.
 69508 | Elf:2    | Reached skill level 10 in Armour
 69555 | Elf:2    | Found a runed translucent gate.
 69555 | Elf:2    | Found a runed translucent gate.
 69557 | Elf:2    | Found a runed translucent gate.
 69594 | Elf:2    | Killed Neulin's ghost
 69716 | Elf:2    | Identified the Incunabulum of the Rocks
 69818 | Elf:2    | Found a shimmering blue altar of Sif Muna.
 69870 | Elf:2    | Got a brightly glowing diamond amulet
 69871 | Elf:2    | Identified the amulet of Veiryr {RegenMP rPois} (You found
                  | it on level 2 of the Elven Halls)
 70022 | Elf:3    | Entered Level 3 of the Elven Halls
 70316 | Elf:3    | Gained mutation: You occasionally shout uncontrollably at
                  | your foes. [evolution]
 70756 | Elf:3    | Found the macabre finger necklace {rN+}
 71086 | Elf:3    | Identified the amulet of Iliebri Qump {Acrobat *Slow Str+5}
 71113 | Elf:3    | Identified the ring "Ube Fackou" {rPois Dex+2}
 71399 | Elf:3    | Found the +8 longbow "Zephyr" {speed, Dex+3 SInv}
 72055 | Crypt:1  | Entered Level 1 of the Crypt
 72684 | Crypt:1  | Reached skill level 20 in Fighting
 72691 | Crypt:1  | Reached XP level 23. HP: 184/258 MP: 37/37
 73162 | Crypt:1  | Bought an ancient plate armour for 784 gold pieces
 73163 | Crypt:1  | Identified the +4 plate armour of Minor Irritation {rPois
                  | Str+2} (You bought it in a shop on level 1 of the Crypt)
 73471 | Crypt:1  | Noticed Margery
 73482 | Crypt:1  | Killed Margery
 74830 | Crypt:3  | Entered Level 3 of the Crypt
 74918 | Crypt:3  | Got a crude platinum ring
 74924 | Crypt:2  | Identified the ring of Fixation {rN+ Dex+6 SInv} (You found
                  | it on level 3 of the Crypt)
 75209 | Crypt:3  | Gained mutation: You are partially covered in large bone
                  | plates. (SH +4) [evolution]
 75213 | Crypt:3  | Reached skill level 10 in Evocations
 75294 | Crypt:3  | Reached skill level 21 in Fighting
 75789 | Crypt:3  | Found an ancient bone altar of Kikubaaqudgha.
 75927 | Crypt:3  | Identified the ring of Qowujep {rC+ MR+ Int+6}
 76237 | Crypt:3  | Found a basalt altar of Yredelemnul.
 76432 | Crypt:3  | Identified the +11 dagger "Jellyslayer" {protect, *Rage
                  | MP+9 Int+4 Dex+3} (You found it on level 3 of the Crypt)
 76476 | Crypt:3  | Got a brightly glowing brass ring
 76476 | Crypt:3  | Got a scorched silver ring
 76478 | Crypt:3  | Identified the ring of Luamm {rN+ Dex+5} (You found it on
                  | level 3 of the Crypt)
 76479 | Crypt:3  | Identified the ring "Bukoekac" {rN+ Str-3 Int+4 Dex+4} (You
                  | found it on level 3 of the Crypt)
 76883 | Crypt:3  | Noticed an ancient lich
 76893 | Crypt:3  | Reached XP level 24. HP: 231/277 MP: 7/37
 76899 | Crypt:3  | Killed an ancient lich
 77318 | Crypt:3  | Found a staircase to the Tomb.
 77328 | Tomb:1   | Entered Level 1 of the Tomb of the Ancients
 77383 | Tomb:1   | Bought a scroll of blinking for 157 gold pieces
 77756 | Vaults:3 | Reached skill level 22 in Fighting
 77901 | Vaults:3 | Noticed Mennas
 77901 | Vaults:3 | Noticed Xtahua
 78112 | Vaults:4 | Found a flickering gateway to a bazaar.
 78149 | Bazaar   | Entered a bazaar
 78157 | Bazaar   | Found Ydukoo's Book Shop.
 78168 | Bazaar   | Found Jithil's Gadget Shop.
 78203 | Bazaar   | Bought a wand of acid (11) for 300 gold pieces
 78222 | Bazaar   | Learned a level 4 spell: Iskenderun's Mystic Blast
 78223 | Bazaar   | Bought a book of the Warp for 990 gold pieces
 78235 | Bazaar   | Learned a level 6 spell: Dispersal
 79918 | Vaults:5 | Entered Level 5 of the Vaults
 79948 | Vaults:5 | Reached XP level 25. HP: 205/287 MP: 38/38
 80453 | Vaults:5 | Identified the ring "Ejin" {Int+3 Dex+3} (You acquired it
                  | on level 5 of the Vaults)
 80544 | Vaults:5 | Identified the +1 chain mail "Ogexuma" {rElec rPois Dex+3
                  | Slay-6} (You found it on level 5 of the Vaults)
 81075 | Elf:1    | Gained mutation: You passively map a small area around you.
                  | [evolution]
 81546 | Vaults:5 | Identified the +10 hand crossbow of the Blowfly {penet, rN+
                  | Str+2} (You found it on level 5 of the Vaults)
 81657 | Vaults:5 | Reached skill level 23 in Fighting
 81768 | Vaults:5 | Identified the +4 robe of the Salamander {rC+ MR+}
 81957 | Vaults:5 | Got a silver rune of Zot
 82036 | Vaults:4 | Learned a level 3 spell: Recall
 82409 | Vaults:5 | Identified the ring "Xashref" {rPois Str-4 Int+3 SInv}
 82475 | Vaults:5 | Identified the +6 rapier "Iplettej" {flame, rF+ rC- Int+3
                  | Stlth+}
 82480 | Vaults:5 | Found Miethry's Magic Scroll Boutique.
 82494 | Vaults:5 | Identified the +5 spear of Silyxof {vorpal, Dex+2} (You
                  | found it on level 5 of the Vaults)
 82508 | Vaults:5 | Identified the Incunabulum of Displacement and Boosts
 82923 | Vaults:3 | Killed Boris
 83107 | Vaults:3 | Killed Mennas
 83174 | Vaults:3 | You fall into a shaft and drop 1 floor!
 83381 | Vaults:3 | Killed Xtahua
 83882 | Hell     | Entered the Vestibule of Hell
 83882 | Hell     | Noticed Geryon
 84880 | Hell     | Reached XP level 26. HP: 263/300 MP: 40/40
 85222 | Hell     | Killed Geryon
 85481 | Hell     | Found a gateway to the Iron City of Dis.
 85592 | Hell     | Found a gateway to the decaying netherworld of Tartarus.
 85703 | Hell     | Found a gateway to the ashen valley of Gehenna.
 85829 | Hell     | Found a gateway to the freezing wastes of Cocytus.
 86622 | Depths:3 | Noticed a greater mummy
 86641 | Depths:3 | Killed a greater mummy
 86866 | Depths:3 | Noticed a greater mummy
 86875 | Depths:3 | Killed a greater mummy
 86875 | Depths:3 | Reached skill level 15 in Translocations
 87206 | Depths:3 | Noticed a greater mummy
 87207 | Depths:3 | Found the +7 sceptre of Torment {pain, torment}
 87219 | Depths:3 | Killed a greater mummy
 87500 | Depths:4 | Found Rupuy's General Store.
 87899 | Depths:4 | Reached skill level 24 in Fighting
 87950 | Depths:4 | Noticed a juggernaut
 88383 | Depths:4 | Reached skill level 1 in Necromancy
 88841 | Depths:4 | Noticed a juggernaut
 88856 | Depths:4 | Killed a juggernaut
 88856 | Depths:4 | Reached XP level 27. HP: 225/312 MP: 41/41
 88872 | Depths:4 | Reached skill level 5 in Necromancy
 88891 | Depths:4 | Reached skill level 15 in Spellcasting
 89207 | Depths:4 | Identified Sif Muna's Incunabulum of the Glacier and
                  | Translocation
 89556 | Depths:4 | Found a portal to a secret trove of treasure.
 90237 | Depths:4 | You paid a toll of 9 potions of stabbing to enter a
                  | treasure trove
 90238 | Trove    | Entered a treasure trove
 90438 | Depths:4 | Killed a juggernaut
 90666 | Depths:5 | Entered Level 5 of the Depths
 90723 | Depths:5 | Noticed a juggernaut
 90733 | Depths:5 | Killed a juggernaut
 90857 | Depths:5 | Gained mutation: You have an increased reservoir of magic.
                  | (+10% MP) [evolution]
 91777 | Depths:5 | Found a gate to the Realm of Zot.
 92502 | Zot:1    | Entered Level 1 of the Realm of Zot
 92977 | Tomb:1   | Bought a scroll of enchant weapon for 157 gold pieces
 92977 | Tomb:1   | Bought a scroll of enchant weapon for 157 gold pieces
 93693 | Tomb:1   | Noticed a greater mummy
 93700 | Tomb:1   | Noticed a greater mummy
 93702 | Tomb:1   | Noticed a greater mummy
 94249 | Tomb:1   | Bought a scroll of magic mapping for 73 gold pieces
 94281 | Tomb:1   | Killed a greater mummy
 94534 | Tomb:1   | Killed a greater mummy
 94534 | Tomb:1   | Reached skill level 10 in Charms
 94726 | Tomb:1   | Killed a greater mummy
 95418 | Tomb:1   | Noticed a greater mummy
 95433 | Tomb:1   | Killed a greater mummy
 96926 | Zot:1    | Reached skill level 25 in Fighting
 97591 | Zot:1    | Identified the +2 naga barding of the Modern Souls {+Blink
                  | MR- Slay+3} (You acquired it on level 1 of the Realm of
                  | Zot)
 97595 | Zot:1    | Bought a scroll of enchant armour for 97 gold pieces
 97595 | Zot:1    | Bought a scroll of enchant armour for 97 gold pieces
 98798 | Snake:1  | Learned a level 2 spell: Song of Slaying
 98804 | Snake:1  | Learned a level 5 spell: Summon Forest
 99409 | Lair:6   | Bought a potion of magic for 120 gold pieces
100472 | Zot:2    | Gained mutation: Your mind is acute. (Int +2) [evolution]
101133 | Zot:2    | Reached skill level 15 in Evocations
103484 | Zot:4    | Noticed an ancient lich
103493 | Zot:4    | Killed an ancient lich
104033 | Zot:5    | Entered Level 5 of the Realm of Zot
104225 | Zot:4    | Reached skill level 15 in Axes
104306 | Zot:4    | Noticed an orb of fire
104324 | Zot:4    | Gained mutation: Your body sometimes deteriorates upon
                  | taking damage. [an orb of fire]
105076 | Zot:4    | Gained mutation: You are weak. (Str -2) [an orb of fire]
105094 | Zot:4    | Killed an orb of fire
105304 | Zot:5    | Reached skill level 26 in Fighting
105327 | Zot:5    | Bought the +10 tower shield of Ignorance {rN+ Int-4} for
                  | 1776 gold pieces
105327 | Zot:5    | Found the +10 tower shield of Ignorance {rN+ Int-4}
105592 | Zot:5    | Noticed an ancient lich
105606 | Zot:5    | Killed an ancient lich
105843 | Zot:5    | Learned a level 1 spell: Apportation
105951 | Zot:5    | Noticed an orb of fire
105952 | Zot:5    | Noticed an orb of fire
105956 | Zot:5    | Noticed an ancient lich
105958 | Zot:5    | Noticed an ancient lich
105965 | Zot:5    | Gained mutation: You can exhale a cloud of poison. [an orb
                  | of fire]
105968 | Zot:5    | Gained mutation: You are very weak. (Str -4) [an orb of
                  | fire]
105974 | Zot:5    | Noticed an orb of fire
105975 | Zot:5    | Killed an ancient lich
106009 | Zot:5    | Killed an ancient lich
106323 | Zot:5    | Gained mutation: You are clumsy. (Dex -2) [an orb of fire]
106325 | Zot:5    | Lost mutation: You have an increased reservoir of magic.
                  | (+10% MP) [an orb of fire]
106330 | Zot:5    | Lost mutation: You are robust. (+10% HP) [an orb of fire]
106335 | Zot:5    | Gained mutation: You tend to lose your temper in combat.
                  | [an orb of fire]
106349 | Zot:5    | Gained mutation: Your magical capacity is low. (-10% MP)
                  | [an orb of fire]
106352 | Zot:5    | Killed an orb of fire
106365 | Zot:5    | Gained mutation: Your body often deteriorates upon taking
                  | damage. [an orb of fire]
106368 | Zot:5    | Killed an orb of fire
106504 | Zot:5    | Killed an orb of fire
106780 | Zot:5    | Killed an ancient lich
106799 | Zot:5    | Noticed an orb of fire
106801 | Zot:5    | Noticed an ancient lich
106803 | Zot:5    | Noticed an ancient lich
106811 | Zot:5    | Noticed an ancient lich
106814 | Zot:5    | Killed an ancient lich
106816 | Zot:5    | Noticed an orb of fire
106819 | Zot:5    | Noticed an ancient lich
106827 | Zot:5    | Gained mutation: Your spells are a little easier to cast,
                  | but a little less powerful. [an orb of fire]
106831 | Zot:5    | Killed an ancient lich
106835 | Zot:5    | Killed an orb of fire
106856 | Zot:5    | Killed an ancient lich
106995 | Zot:5    | Killed an orb of fire
107525 | Zot:5    | Got the Orb of Zot
108305 | D:3      | Noticed Jiogogul the pandemonium lord
108318 | D:3      | Killed Jiogogul the pandemonium lord
108375 | D:$      | Escaped with the Orb!

Levels and vault maps discovered:
D:1:      scummos_arrival_checkerplants, layout_loops_ring
D:2:      layout_loops_cross, tso_metal_star,
          nicolae_gozag_cash_rules_everything_around_me
D:3:      layout_rooms, nicolae_overflow_crystal_walls, first_ration,
          minmay_misc_feat_rows
D:4:      layout_basic, amethyst_overflow_temple_binary, serial_shops, shop,
          uniq_eustachio
D:5:      layout_loops_ring, nemelex_xobeh_ov_fountains_minmay, slow_altar_1,
          minmay_temple_entry_slanted, serial_shops,
          nicolae_shop_temple_entry_statues_fountains, serial_bayou_lake_a
D:6:      layout_rooms, serial_shops, shop, uniq_prince_ribbit1, uniq_edmund
D:7:      layout_loops_cross, fedhas_ov_isle_minmay, old_standard_altar,
          uniq_harold
D:8:      minmay_skewed_foursquare, layout_rooms, kennysheep_ying_yang,
          serial_shops, shop, david_nohive_1
D:9:      layout_loops_ring, kennysheep_little_box, overflow_temple_1_default,
          kennysheep_mini, kennysheep_generic_room_2
D:10:     layout_cave_pools, grunt_lair_entry_orc_guard_hut, orc_0_dummy,
          serial_gnoll_camp, gnoll_camp_mini_doghouse, gnoll_camp_mini_sergeant,
          gnoll_camp_mini_hut, gnoll_camp_mini_doghouse, serial_shops,
          kennysheep_mini_moat, minivault_27, uniq_urug
D:11:     layout_rooms
D:12:     layout_loops_ring, nicolae_alphabet_shops
D:13:     minmay_the_grid_4x2 [minmay_the_grid_plusring,
          minmay_the_grid_stretched_grid, minmay_the_grid_large_cup,
          minmay_the_grid_eight, minmay_the_grid_tiny_cups,
          minmay_the_grid_minigrid_medium, minmay_the_grid_gridbox,
          minmay_the_grid_prize_shrinking_boxes], layout_stronghold,
          david_vaults_1, uniq_nessos, uniq_jorgrun
D:14:     layout_gridville, hangedman_decor_lopped, kennysheep_cross_room,
          uniq_rupert
D:15:     gammafunk_enter_depths_forms, layout_irregular_city,
          nicolae_dithmenos_shadow_blocks
Temple:   dpeg_three_leaves_temple
Lair:1:   layout_roguey, serial_bayou_shore_b, serial_bayou_shore_b
Lair:2:   layout_roguey, minmay_swamp_entry_swarm, grunt_forest_stairs_basic,
          serial_bayou_lagoon_a, ldierk_geyser
Lair:3:   layout_roguey, chequers_serial_rivers_small_a, beast_lair_carwin_3,
          grunt_megastairs_5
Lair:4:   layout_hall_layers, guppyfry_snake_entry_island,
          minmay_lair_oklob_chamber, grunt_megastairs_3, uniq_kirke
Lair:5:   layout_misc_corridors, gauntlet_entry_generic, basic_altar,
          serial_bayou_shore_a
Lair:6:   grunt_lair_end_beastmaster, layout_gridlike, slime_altar_1,
          nicolae_volcano_entry_lava_flow, chequers_serial_rivers_micro_a,
          grunt_megastairs_4, infiniplex_staircase_pool_2
Swamp:1:  layout_basic_swamp, lemuel_altar_in_water, swamp_pool3,
          hangedman_swamp_lotus, hangedman_swamp_cone
Swamp:2:  layout_basic_swamp, evilmike_swamp_ruin_house_5, swamp_pool2
Swamp:3:  layout_basic_swamp, portal_ice_cave_entry_pillars_1,
          evilmike_swamp_ruin_house_4, swamp_pool1
Swamp:4:  swamp_alternative, layout_basic_swamp, ebering_ghost_inner_flame,
          swamp_pool3, uniq_mara
Snake:1:  layout_onion
Snake:2:  layout_misc_corridors, uniq_aizul, uniq_saint_roka
Snake:3:  layout_cave_town, drop_trap
Snake:4:  snake_pit, layout_rooms
Orc:1:    layout_caves
Orc:2:    st_orc_rangers, layout_diamond_mine, serial_shops, shop,
          ebering_ghost_disaster_area, uniq_azrael, uniq_josephine
Elf:1:    minmay_elf_arrival_summoners, layout_onion_city, serial_shops, shop,
          minmay_elf_demonology, onia_ninara_cookie
Elf:2:    layout_loops_ring, ebering_ghost_rock_garden, serial_shops,
          nicolae_shop_waterfront, hangedman_summoners_spam
Elf:3:    minmay_elf_hall_quartered_circle, layout_geoelf_octagon, minivault_27
Vaults:1: v_misc_14, ontoclasm_vaults_fault, v_pattern_3,
          nicolae_vaults_windows_and_doors_thing, v_misc_29,
          ontoclasm_vaults_hangar, nicolae_vaults_network_periphery,
          v_alt_pattern_3, ontoclasm_vaults_shout,
          nicolae_vaults_little_squares_1, layout_vaults_ring
Vaults:2: v_pattern_2, minmay_crypt_entry_vampire_xt, st_lines,
          hangedman_vaults_nodes, v_misc_15, nicolae_vaults_triangles,
          nicolae_vaults_little_squares_2, v_misc_10, vaults_room_corners,
          hangedman_vaults_capsules, nicolae_vaults_little_squares_3,
          ontoclasm_vaults_pinch, layout_vaults_maze_snakey, serial_shops,
          bzr_entry_safe, uniq_donald
Vaults:3: v_alt_pattern_6, v_alt_pattern_4, vaults_room_large_hall,
          vaults_room_boxed, vaults_mumra_hex, v_misc_5,
          nicolae_vaults_little_squares_1, layout_vaults_omnigrid, uniq_xtahua,
          uniq_mennas, uniq_boris
Vaults:4: nicolae_vaults_arrows, ontoclasm_vaults_claustrophobia,
          hangedman_vaults_locks, hangedman_vaults_restitches, st_squares,
          vaults_room_fancy_cross, vaults_room_pools, ontoclasm_vaults_eye,
          vaults_room_corners, vaults_mumra_minichess_inversion,
          layout_vaults_big_room, serial_shops, bzr_entry_dummy
Vaults:5: serial_shops
Crypt:1:  layout_catacombs, uniq_margery
Crypt:2:  layout_chaotic_city
Crypt:3:  church_of_pain_bobbens, layout_chaotic_city, basic_altar, st_stairs_6
Tomb:1
Depths:1: layout_basic, hell_entry, minmay_stone_trees_medium,
          grunt_pan_entry_spiral, kennysheep_minor_cross,
          minmay_misc_feat_alley, serial_bayou_pond_a,
          nemelex_diamond_rough_becter
Depths:2: grunt_runaround [grunt_runaround_doors_1, grunt_runaround_doors_2,
          grunt_runaround_doors_3, grunt_runaround_doors_4,
          grunt_runaround_loot], hell_entry, abyss_entry
Depths:3: minmay_guarded_unrand_sceptre_of_torment, layout_basic, pan_entry,
          abyss_entry, hell_entry
Depths:4: grunt_bent_corner, layout_honeycomb, hangedman_geh_valley,
          serial_shops, shop, chequers_serial_rivers_large_a, enter_trove_6,
          hangedman_abyss_entry_splay, infiniplex_staircase_zigzag_4,
          serial_bayou_shore_b, serial_bayou_shore_b
Depths:5: grunt_zot_entry_bicorn, layout_long_grid, rand_demon_pan_entry_7,
          hell_entry, minmay_misc_feat_doors
Hell
Zot:1:    layout_onion_interference
Zot:2:    lemuel_acid_trip, layout_concentric_octagons
Zot:3:    kennysheep_blocky_hall, layout_cathedral_of_symmetry, st_stairs_3
Zot:4:    grunt_zot_stairs_mandelzot, layout_misc_corridors, nzn_random_ring
Zot:5:    layout_misc_corridors

Skill      XL: |  1  2  3  4  5  6  7  8  9 10 11 12 13 14 15 16 17 18 19 20 21 22 23 24 25 26 27 |
---------------+----------------------------------------------------------------------------------+-----
Maces & Flails | 3 4 5 6 8 11 13 | 13.9
Axes           | 2 5 8 11 13 16 | 16.1
Stealth        | 4 5 |  5.1
Evocations     | 5 7 10 15 | 15.0
Fighting       | 8 13 16 17 18 20 21 22 23 24 26 | 26.7
Shields        | 2 3 7 10 11 13 15 | 15.0
Dodging        | 3 5 6 8 |  8.0
Armour         | 3 6 9 11 14 | 14.2
Spellcasting   | 4 5 8 10 11 13 14 18 | 18.7
Translocations | 5 6 9 11 12 14 15 20 | 20.2
Hexes          | 3 7 |  7.0
Charms         | 3 7 10 | 10.1
Necromancy     | 3 6 |  6.0
Throwing       | |  0.8

Action                   |  1- 3 |  4- 6 |  7- 9 | 10-12 | 13-15 | 16-18 | 19-21 | 22-24 | 25-27 || total
-------------------------+-------+-------+-------+-------+-------+-------+-------+-------+-------++-------
Melee: Mace              |     8 |       |       |       |       |       |       |       |       ||     8
       Whip              |    84 |   111 |       |       |       |       |       |       |       ||   195
       War axe           |       |    31 |   214 |   589 |   651 |   157 |    83 |       |       ||  1725
       Eveningstar       |       |       |       |    15 |   268 |  1061 |  1243 |   479 |  1205 ||  4271
       Constrict         |       |       |       |       |   152 |   212 |   192 |   256 |   369 ||  1181
       Hand axe          |       |       |       |       |       |    63 |       |       |       ||    63
       Tailslap          |       |       |       |       |       |   111 |    94 |       |       ||   205
       Broad axe         |       |       |       |       |       |       |    55 |   857 |   799 ||  1711
       Sacred scourge    |       |       |       |       |       |       |       |       |   542 ||   542
       Unarmed           |       |       |       |       |       |       |       |       |     3 ||     3
Throw: Dart              |     4 |    24 |     3 |    72 |     4 |       |     1 |       |       ||   108
       Boomerang         |       |       |    21 |    10 |   172 |    61 |       |       |       ||   264
       Javelin           |       |       |       |     2 |       |    21 |    32 |    14 |     8 ||    77
 Cast: Blink             |       |       |       |     1 |     1 |     2 |    24 |     4 |    16 ||    48
       Poisonous Vapours |       |       |       |       |     1 |       |     1 |       |     1 ||     3
       Shroud of Golubri |       |       |       |       |     1 |     1 |       |       |       ||     2
       Gell's Gravitas   |       |       |       |       |       |     4 |     4 |       |       ||     8
       Passage of Golubr |       |       |       |       |       |     2 |     1 |       |       ||     3
       Teleport Other    |       |       |       |       |       |     1 |     3 |       |     2 ||     6
       Vampiric Draining |       |       |       |       |       |       |     2 |       |     1 ||     3
       Spectral Weapon   |       |       |       |       |       |       |     1 |    13 |     4 ||    18
       Dispersal         |       |       |       |       |       |       |       |       |    40 ||    40
       Recall            |       |       |       |       |       |       |       |       |     4 ||     4
       Iskenderun's Myst |       |       |       |       |       |       |       |       |     9 ||     9
       Song of Slaying   |       |       |       |       |       |       |       |       |     4 ||     4
       Apportation       |       |       |       |       |       |       |       |       |     3 ||     3
Invok: Call Merchant     |       |       |       |     2 |     2 |     1 |     2 |     2 |     3 ||    12
       Potion Petition   |       |       |       |       |       |       |     3 |       |     2 ||     5
       Bribe Branch      |       |       |       |       |       |       |       |     1 |     1 ||     2
 Abil: Spit Poison       |    17 |    23 |    16 |    62 |    52 |    17 |    22 |     8 |    31 ||   248
       Blink             |       |     1 |       |       |       |       |     1 |       |       ||     2
       Breathe Poison Ga |       |       |       |       |       |       |       |       |     1 ||     1
Evoke: Wand              |       |       |     2 |     6 |    34 |     9 |    33 |    17 |    11 ||   112
       Lightning rod     |       |       |       |     3 |     9 |     4 |       |       |       ||    16
       Phial of floods   |       |       |       |       |     1 |     2 |       |       |       ||     3
       Phantom mirror    |       |       |       |       |       |     1 |       |       |       ||     1
       Tin of tremorston |       |       |       |       |       |       |       |     3 |       ||     3
       Horn of Geryon    |       |       |       |       |       |       |       |       |     1 ||     1
  Use: Scroll            |       |    10 |     3 |    16 |    25 |     8 |    12 |    12 |    38 ||   124
       Potion            |       |     5 |     6 |     5 |    10 |     6 |    17 |     2 |    15 ||    66
 Stab: Distracted        |       |     1 |     1 |     2 |     8 |    10 |    14 |    12 |    31 ||    79
       Paralysed         |       |       |       |     3 |     4 |       |       |       |     6 ||    13
       Sleeping          |       |       |       |     2 |     5 |    13 |     5 |     4 |     7 ||    36
       Invisible         |       |       |       |     1 |       |       |       |       |       ||     1
       Confused          |       |       |       |       |       |       |     1 |     2 |       ||     3
  Eat: Chunk             |     2 |       |       |       |       |       |       |       |       ||     2
       Ration            |       |     2 |     3 |     8 |    15 |    13 |    12 |    10 |    24 ||    87
Armor: Chain mail        |    55 |    83 |   152 |   309 |       |       |       |       |       ||   599
       Leather armour    |     1 |       |       |    98 |   523 |   442 |   131 |       |       ||  1195
       Skin              |       |       |    12 |       |       |       |       |       |       ||    12
       Quicksilver drago |       |       |       |       |       |       |   305 |   403 |   386 ||  1094
       Fire dragon scale |       |       |       |       |       |       |       |       |   548 ||   548
Dodge: Dodged            |    45 |    28 |    73 |   225 |   546 |   540 |   487 |   306 |   557 ||  2807
Block: Buckler           |       |       |       |    37 |   148 |   111 |       |       |       ||   296
       Kite shield       |       |       |       |       |       |   386 |   672 |   353 |       ||  1411
       Tower shield      |       |       |       |       |       |       |    50 |   686 |  2952 ||  3688
       Reflection        |       |       |       |       |       |       |    43 |    26 |       ||    69

Table legend:
 A = Non-vault XP
 B = Vault XP
 C = Vault XP percentage of total XP
 D = Non-vault monster count
 E = Vault monster count
 F = Vault count percentage of total count
                 A         B        C        D         E       F
            +---------+---------+-------+---------+---------+-------
      Total |  837616 | 1130661 |  57.4 |    1508 |    1145 |  43.2
            +---------+---------+-------+---------+---------+-------
        D:1 |      11 |       0 |   0.0 |       7 |       0 |   0.0
        D:2 |      84 |       0 |   0.0 |      25 |       0 |   0.0
        D:3 |      68 |       0 |   0.0 |      23 |       0 |   0.0
        D:4 |     162 |     196 |  54.7 |      11 |       1 |   8.3
        D:5 |     899 |      18 |   2.0 |      27 |       1 |   3.6
        D:6 |    1062 |     409 |  27.8 |      29 |       2 |   6.5
        D:7 |    1098 |    1727 |  61.1 |      33 |      13 |  28.3
        D:8 |     800 |     931 |  53.8 |      26 |      12 |  31.6
        D:9 |     641 |     320 |  33.3 |       9 |       2 |  18.2
       D:10 |    3083 |    1677 |  35.2 |      29 |      19 |  39.6
       D:11 |    2065 |       0 |   0.0 |      16 |       0 |   0.0
       D:12 |    5227 |       0 |   0.0 |      22 |       0 |   0.0
       D:13 |    7220 |   18208 |  71.6 |      35 |      37 |  51.4
       D:14 |    6555 |    2829 |  30.1 |      32 |       1 |   3.0
       D:15 |    7514 |    4896 |  39.5 |      13 |      10 |  43.5
     Lair:1 |    2450 |       0 |   0.0 |      15 |       0 |   0.0
     Lair:2 |    4482 |     723 |  13.9 |      22 |       4 |  15.4
     Lair:3 |    4526 |    1991 |  30.6 |      21 |       7 |  25.0
     Lair:4 |     453 |    4738 |  91.3 |       3 |      11 |  78.6
     Lair:5 |    3405 |       0 |   0.0 |      16 |       0 |   0.0
     Lair:6 |    7804 |   11756 |  60.1 |      23 |      22 |  48.9
    Swamp:1 |   12799 |       0 |   0.0 |      28 |       0 |   0.0
    Swamp:2 |    5061 |       0 |   0.0 |      19 |       0 |   0.0
    Swamp:3 |    6259 |     654 |   9.5 |      17 |       1 |   5.6
    Swamp:4 |   13068 |   27639 |  67.9 |      23 |      29 |  55.8
    Snake:1 |   19116 |     249 |   1.3 |      30 |       4 |  11.8
    Snake:2 |   20873 |    6054 |  22.5 |      40 |       7 |  14.9
    Snake:3 |   13534 |    1807 |  11.8 |      25 |       4 |  13.8
    Snake:4 |    9727 |   26240 |  73.0 |      17 |      39 |  69.6
      Orc:1 |    3909 |       0 |   0.0 |      45 |       0 |   0.0
      Orc:2 |    2099 |   10887 |  83.8 |      34 |      48 |  58.5
      Elf:1 |    7213 |   21949 |  75.3 |      12 |      40 |  76.9
      Elf:2 |   15710 |   14537 |  48.1 |      26 |      15 |  36.6
      Elf:3 |   11711 |   39699 |  77.2 |      19 |      28 |  59.6
   Vaults:1 |   25297 |   16356 |  39.3 |      46 |      26 |  36.1
   Vaults:2 |   40622 |   36515 |  47.3 |      59 |      49 |  45.4
   Vaults:3 |   17679 |   37276 |  67.8 |      31 |      24 |  43.6
   Vaults:4 |   32050 |   41429 |  56.4 |      56 |      48 |  46.2
   Vaults:5 |   28964 |   90887 |  75.8 |      46 |      75 |  62.0
    Crypt:1 |   23291 |    8358 |  26.4 |      47 |       5 |   9.6
    Crypt:2 |   29044 |       0 |   0.0 |      42 |       0 |   0.0
    Crypt:3 |   36666 |   62099 |  62.9 |      40 |      70 |  63.6
     Tomb:1 |   13488 |   51832 |  79.4 |      35 |      36 |  50.7
   Depths:1 |   31775 |    8994 |  22.1 |      41 |      23 |  35.9
   Depths:2 |    3759 |   92170 |  96.1 |       6 |      90 |  93.8
   Depths:3 |   45488 |   21066 |  31.7 |      60 |       5 |   7.7
   Depths:4 |   34602 |  126777 |  78.6 |      48 |      80 |  62.5
   Depths:5 |   15543 |   23524 |  60.2 |       8 |      19 |  70.4
       Hell |    9786 |   23541 |  70.6 |      13 |      45 |  77.6
      Zot:1 |   62185 |       0 |   0.0 |      40 |       0 |   0.0
      Zot:2 |   70041 |   42957 |  38.0 |      44 |      43 |  49.4
      Zot:3 |   29583 |    8004 |  21.3 |      16 |       6 |  27.3
      Zot:4 |   33929 |   97021 |  74.1 |      22 |      44 |  66.7
      Zot:5 |   53136 |  127945 |  70.7 |      36 |      33 |  47.8
      IceCv |       0 |    7868 | 100.0 |       0 |      49 | 100.0
    Volcano |       0 |    2420 | 100.0 |       0 |       7 | 100.0
   Gauntlet |       0 |    3488 | 100.0 |       0 |      11 | 100.0
            +---------+---------+-------+---------+---------+-------
